[Event "Titled Tuesday Blitz August 24 2021"]
[White "FGHSMN"]
[Black "Kovalchuk94"]
[WhiteElo "2707"]
[BlackElo "2613"]
[Result "1-0"]
[Round "10"]
[TimeControl "180+1"]
[Date "2021.08.24"]
[WhiteClock "0:01:21"]
[BlackClock "0:00:05"]

1. e4 e5 2. f4 exf4 3. Nf3 Nf6 4. e5 Nh5 5. Qe2 Be7 6. d4 g6 7. g4 fxg3 8. Bh6 gxh2 9. Qxh2 d6 10. Nbd2 Nc6 11. O-O-O Bf5 12. d5 Nb4 13. Nd4 Bg4 14. Re1 Qd7 15. Bb5 c6 16. exd6 O-O-O 17. dxe7 cxb5 18. exd8=R+ Rxd8 19. d6 Qxd6 20. Qxd6 Rxd6 21. Nxb5 Nxa2+ 22. Kb1 Ra6 23. Re8+ Kd7 24. Rhe1 Be6 25. Rb8 Nb4 26. Rxb7+ Kc6 27. Nd6 Ba2+ 28. Kc1 Bd5 29. Rxb4 Kxd6 30. c4 Ra1+ 31. Nb1 Be6 32. Bf8+ Kc6 33. b3 Bf5 34. Kb2 Ra5 35. Nc3 Nf6 36. Bg7 Ng4 37. Nd5 h5 38. Ne7+ Kc5 39. Bc3 Ra6 40. Rb5+ Kd6 41. Nxf5+ gxf5 42. Rxf5 1-0


[Site "https://www.chess.com"]

[Event "Titled Tuesday Blitz August 24 2021"]
[White "Filippova, Margarita"]
[Black "Prraneeth Vuppala"]
[WhiteFideId "34199680"]
[BlackFideId "46622373"]
[WhiteElo "1829"]
[BlackElo "1759"]
[Result "1-0"]
[Round "10"]
[TimeControl "180+1"]
[Date "2021.08.24"]
[WhiteClock "0:01:40"]
[BlackClock "0:00:25"]

1. Nf3 d5 2. d4 Nf6 3. c4 e6 4. Nc3 c6 5. e3 Nbd7 6. Bd3 dxc4 7. Bxc4 b5 8. Bd3 Bd6 9. O-O O-O 10. Qe2 Bb7 11. Rd1 Qe7 12. e4 e5 13. d5 cxd5 14. exd5 b4 15. Ne4 Nxe4 16. Bxe4 f5 17. Bc2 e4 18. Ng5 Nb6 19. Bb3 Qe5 20. g3 Qe7 21. Ne6 Rfe8 22. Bg5 Qf7 23. Qb5 Kh8 24. Rac1 Rac8 25. Rxc8 Rxc8 26. Bf4 Qe7 27. Qa5 Ba8 28. Bxd6 Qxd6 29. Qxa7 h6 30. Qxg7# 1-0


[Site "https://www.chess.com"]

[Event "Titled Tuesday Blitz August 24 2021"]
[White "Firat, Burak"]
[Black "Gurevich, Dmitry"]
[WhiteFideId "6305881"]
[BlackFideId "2000407"]
[WhiteElo "2531"]
[BlackElo "2506"]
[Result "0-1"]
[Round "10"]
[TimeControl "180+1"]
[Date "2021.08.24"]
[WhiteClock "0:00:07"]
[BlackClock "0:00:38"]

1. e4 c5 2. Be2 Nc6 3. f4 d5 4. d3 dxe4 5. dxe4 Qxd1+ 6. Bxd1 e5 7. Nc3 Bd6 8. f5 g6 9. fxg6 hxg6 10. Nf3 Nf6 11. Bg5 Nh5 12. Nd5 Be6 13. c3 Bxd5 14. exd5 Ne7 15. Ba4+ Kf8 16. O-O-O a6 17. c4 f6 18. Be3 b5 19. cxb5 axb5 20. Bxb5 Rxa2 21. Bc4 Ra4 22. b3 Ra2 23. Nd2 Nf5 24. Bf2 Nf4 25. Kb1 Ra5 26. Ne4 Ke7 27. g3 Nh3 28. Be1 Ra3 29. Bc3 Ne3 30. Rd2 f5 31. Nxd6 Kxd6 32. Bb2 Nxc4 33. bxc4 Rb8 34. Re1 e4 35. g4 Ng5 36. gxf5 Nf3 37. Rde2 Nxe1 38. Rxe1 gxf5 39. Rg1 Rab3 40. Rg6+ Ke7 41. Rg7+ Kf8 42. Rg2 f4 43. Ka2 f3 44. Rf2 Rxb2+ 0-1


[Site "https://www.chess.com"]

[Event "Titled Tuesday Blitz August 24 2021"]
[White "Gelman, Alexander"]
[Black "davigator"]
[WhiteFideId "4118316"]
[WhiteElo "2375"]
[BlackElo "2404"]
[Result "1-0"]
[Round "10"]
[TimeControl "180+1"]
[Date "2021.08.24"]
[WhiteClock "0:00:32"]
[BlackClock "0:00:03"]

1. d4 Nf6 2. Nc3 d5 3. Bf4 a6 4. e3 c5 5. Nf3 Bf5 6. Ne5 e6 7. g4 Bg6 8. h4 h6 9. Nxg6 fxg6 10. Bd3 Kf7 11. h5 g5 12. Bg6+ Ke7 13. Bg3 Kd7 14. Qf3 Nc6 15. O-O-O cxd4 16. exd4 Qb6 17. Rhe1 Nd8 18. Kb1 Bd6 19. Na4 Qc6 20. Nc5+ Bxc5 21. dxc5 Qxc5 22. c4 Rf8 23. cxd5 Nxd5 24. Qb3 Rc8 25. Be4 Rc6 26. Bxd5 exd5 27. Rxd5+ Qxd5 28. Qxd5+ Kc8 29. Re7 Rff6 30. Qd7# 1-0


[Site "https://www.chess.com"]

[Event "Titled Tuesday Blitz August 24 2021"]
[White "Golubev, Mikhail"]
[Black "Karttunen, Mika"]
[WhiteFideId "14100983"]
[BlackFideId "502081"]
[WhiteElo "2374"]
[BlackElo "2343"]
[Result "0-1"]
[Round "10"]
[TimeControl "180+1"]
[Date "2021.08.24"]
[WhiteClock "0:00:13"]
[BlackClock "0:00:02"]

1. e4 c5 2. Nf3 Nc6 3. Nc3 d6 4. d4 cxd4 5. Nxd4 e5 6. Nf5 Bxf5 7. exf5 Nf6 8. Bc4 Be7 9. Bg5 O-O 10. O-O Rc8 11. Bb3 Nd4 12. Bxf6 Bxf6 13. Qg4 Qd7 14. Ne4 Qxf5 15. Qxf5 Nxf5 16. Rad1 Be7 17. c3 h5 18. Rd3 g6 19. Rfd1 Kg7 20. g3 Rc7 21. h3 Rd8 22. Kg2 Bf8 23. g4 hxg4 24. hxg4 Nh6 25. g5 Nf5 26. Rh1 Be7 27. Rdh3 Bxg5 28. Nxg5 Kf6 29. Ne4+ Ke7 30. Rh7 d5 31. Rd1 Rcd7 32. Nc5 Rc7 33. Nd3 Kf6 34. f4 exf4 35. Re1 d4 36. Nxf4 dxc3 37. bxc3 Rcd7 38. Kg1 Kg5 39. Rf1 Rd2 40. Bxf7 Nh4 41. Ne6+ Kg4 42. Rf4+ Kg3 43. Rhxh4 Rg2+ 0-1


[Site "https://www.chess.com"]

[Event "Titled Tuesday Blitz August 24 2021"]
[White "Grunberg, Mihai-Lucian"]
[Black "Nguyen, Thien Ngan"]
[WhiteFideId "1204149"]
[BlackFideId "12414816"]
[WhiteElo "2364"]
[BlackElo "1917"]
[Result "0-1"]
[Round "10"]
[TimeControl "180+1"]
[Date "2021.08.24"]
[WhiteClock "0:01:38"]
[BlackClock "0:01:10"]

1. d4 d5 2. c4 e6 3. Nc3 Nf6 4. Bg5 Be7 5. Nf3 Nbd7 6. Qc2 O-O 7. Rd1 c6 8. e3 Re8 9. Bd3 Nf8 10. O-O a6 11. Ne5 dxc4 12. Bxc4 Nd5 13. Bxe7 Qxe7 14. Ne4 f6 15. Nf3 Kh8 16. a3 Ng6 17. Ba2 e5 18. dxe5 Nxe5 19. Nxe5 Qxe5 20. Ng3 Be6 21. Bb1 Bg8 22. Rd4 Rad8 23. Rh4 h6 24. Nh5 Qg5 25. g3 Nxe3 26. fxe3 Qxe3+ 27. Qf2 Qxf2+ 28. Rxf2 Re1+ 29. Rf1 Rxf1+ 30. Kxf1 Rd1+ 31. Kf2 Rxb1 32. Rb4 b5 33. Nf4 c5 34. Re4 Rxb2+ 35. Kg1 Kh7 36. h4 c4 37. h5 c3 38. Ng6 Bf7 39. Nf8+ Kg8 40. Ng6 c2 0-1


[Site "https://www.chess.com"]

[Event "Titled Tuesday Blitz August 24 2021"]
[White "Harshavardhan G B"]
[Black "Indjic, Aleksandar"]
[WhiteFideId "25059009"]
[BlackFideId "911925"]
[WhiteElo "1825"]
[BlackElo "2643"]
[Result "0-1"]
[Round "10"]
[TimeControl "180+1"]
[Date "2021.08.24"]
[WhiteClock "0:00:07"]
[BlackClock "0:00:10"]

1. f4 d5 2. Nf3 h5 3. b3 Bg4 4. e3 Nd7 5. Bb2 e6 6. Be2 Bxf3 7. Bxf3 Ngf6 8. d3 Bd6 9. Nd2 e5 10. g3 Qe7 11. Qe2 O-O-O 12. O-O-O Ba3 13. Kb1 Bxb2 14. Kxb2 g6 15. e4 d4 16. Rc1 Kb8 17. Rhf1 Nc5 18. Nc4 Nfd7 19. Qd2 h4 20. Bg4 hxg3 21. hxg3 Rh7 22. Rh1 Rdh8 23. Qg2 b5 24. Rxh7 Rxh7 25. Na5 Na4+ 26. bxa4 Qb4+ 27. Nb3 Qc3+ 28. Kb1 bxa4 29. Qd2 Nf6 30. Qxc3 dxc3 31. Bf3 axb3 32. cxb3 exf4 33. gxf4 Rh3 34. Rf1 Rh2 35. e5 Rb2+ 36. Ka1 Nd7 37. Rc1 Rf2 38. Bd5 Rxf4 39. Rxc3 Nxe5 40. Rc1 f6 41. Rh1 c6 42. Rh8+ Kc7 43. Rh7+ Kb6 44. Bc4 Nxc4 45. dxc4 g5 46. Kb2 g4 47. Kc3 f5 48. b4 a5 49. c5+ Ka6 50. a3 axb4+ 51. axb4 g3 52. Rc7 g2 53. Rxc6+ Kb7 54. Rb6+ Kc7 55. Ra6 g1=Q 56. Kb3 Qd1+ 57. Ka3 Rf3+ 0-1


[Site "https://www.chess.com"]

[Event "Titled Tuesday Blitz August 24 2021"]
[White "Helin, Mikael"]
[Black "Gontcharov, Vladislav"]
[WhiteFideId "1703838"]
[BlackFideId "4123492"]
[WhiteElo "1893"]
[BlackElo "2503"]
[Result "0-1"]
[Round "10"]
[TimeControl "180+1"]
[Date "2021.08.24"]
[WhiteClock "0:01:08"]
[BlackClock "0:01:31"]

1. e4 e6 2. Nf3 d5 3. e5 c5 4. b4 cxb4 5. d4 Nc6 6. a3 b3 7. c3 Na5 8. Bd3 Qb6 9. Bb2 Bd7 10. Ng5 Be7 11. h4 Rc8 12. Nd2 Nc4 13. Nxc4 dxc4 14. Bb1 Bc6 15. Qh5 g6 16. Qg4 h5 17. Qg3 Nh6 18. Nxf7 Nxf7 19. Bxg6 Rg8 20. Rh3 Kd7 21. f4 Nh8 22. f5 Nxg6 23. fxg6 Rg7 24. Qf3 Bxf3 25. gxf3 Rxg6 26. Kf2 Rcg8 27. Ke3 Rg2 28. Rb1 Qa5 29. Kf4 Rxb2 30. Rxb2 Qxc3 31. Re2 Qxd4+ 32. Re4 Qd2+ 0-1


[Site "https://www.chess.com"]

[Event "Titled Tuesday Blitz August 24 2021"]
[White "Hjartarson, Johann"]
[Black "Loy, Konstantin"]
[WhiteFideId "2300044"]
[BlackFideId "14122499"]
[WhiteElo "2502"]
[BlackElo "2084"]
[Result "0-1"]
[Round "10"]
[TimeControl "180+1"]
[Date "2021.08.24"]
[WhiteClock "0:00:01"]
[BlackClock "0:00:03"]

1. c4 c5 2. g3 g6 3. Bg2 Bg7 4. Nc3 Nc6 5. a3 Nf6 6. Rb1 O-O 7. b4 d6 8. Nf3 Rb8 9. O-O a6 10. bxc5 dxc5 11. d3 Nd4 12. Bf4 Ra8 13. Nxd4 cxd4 14. Na4 Nd7 15. Bxb7 Bxb7 16. Rxb7 e5 17. Bd2 Rb8 18. Qb3 Qf6 19. Rb1 h5 20. Rb4 Qc6 21. c5 Rfc8 22. Qc4 Rxb4 23. Qxb4 Nxc5 24. Rc1 Bf8 25. Nxc5 Bxc5 26. Qc4 Qc7 27. Bb4 Bb6 28. Bd6 Qxc4 29. Rxc4 Re8 30. Rc6 Bd8 31. Rxa6 Re6 32. a4 Kh7 33. a5 Be7 34. Ra7 Bxd6 35. Rxf7+ Kh6 36. Rb7 Bc5 37. Rb5 Rc6 38. a6 Kg7 39. Kg2 Kf6 40. Kf3 Ke6 41. Ke4 Kd6 42. Ra5 Ba7 43. Rd5+ Kc7 44. Rxe5 Rxa6 45. Re7+ Kb8 46. Rg7 Re6+ 47. Kf3 Bc5 48. h3 Kc8 49. g4 hxg4+ 50. hxg4 Rf6+ 51. Kg2 Bd6 52. g5 Re6 53. Kf3 Be5 54. Rf7 Kd8 55. e3 dxe3 56. fxe3 Ke8 57. Ra7 Bd6 58. d4 Be7 59. Kf4 Rb6 60. e4 Rb1 61. d5 Rf1+ 62. Ke5 Bxg5 63. d6 Kf8 64. Ke6 Rf6+ 65. Kd5 Bf4 0-1


[Site "https://www.chess.com"]

[Event "Titled Tuesday Blitz August 24 2021"]
[White "Ibadov, Dashgyn"]
[Black "Ivanov, Oleg"]
[WhiteFideId "24107514"]
[BlackFideId "4103114"]
[WhiteElo "2102"]
[BlackElo "2702"]
[Result "0-1"]
[Round "10"]
[TimeControl "180+1"]
[Date "2021.08.24"]
[WhiteClock "0:02:23"]
[BlackClock "0:02:00"]

1. e4 d5 2. exd5 Qxd5 3. Nc3 Qd6 4. d4 Nf6 5. Nf3 c6 6. Ne5 Nbd7 7. Bf4 Nd5 8. Bg3 Nxe5 9. Bxe5 Qb4 10. Qd2 Qxb2 11. Nxd5 Qxa1+ 12. Ke2 cxd5 13. Kf3 Qb2 14. a4 Bd7 0-1


[Site "https://www.chess.com"]

[Event "Titled Tuesday Blitz August 24 2021"]
[White "Ibrahimli, Murad"]
[Black "Shimelkov, Vasiliy"]
[WhiteFideId "13410229"]
[BlackFideId "13701630"]
[WhiteElo "2109"]
[BlackElo "2073"]
[Result "1-0"]
[Round "10"]
[TimeControl "180+1"]
[Date "2021.08.24"]
[WhiteClock "0:00:10"]
[BlackClock "0:00:06"]

1. Nf3 d5 2. g3 e6 3. Bg2 Nf6 4. O-O c5 5. d4 Nc6 6. c4 Be7 7. cxd5 exd5 8. Nc3 O-O 9. dxc5 Bxc5 10. Bg5 Be6 11. Rc1 Bb6 12. b3 h6 13. Bxf6 Qxf6 14. Nxd5 Bxd5 15. Qxd5 Rad8 16. Qb5 Qb2 17. e3 Qxa2 18. Nh4 Na5 19. Ra1 Qd2 20. Rfb1 Qd3 21. Qa4 Rfe8 22. Bf1 Qd7 23. Qa2 Nc6 24. b4 Ne5 25. Be2 Qc6 26. b5 Qe4 27. Qa4 Qxa4 28. Rxa4 Nd3 29. Rd1 Nc5 30. Rad4 Kf8 31. Nf5 g6 32. Nxh6 f5 33. g4 Rxd4 34. Rxd4 Kg7 35. g5 Rd8 36. Rxd8 Bxd8 37. h4 a6 38. bxa6 bxa6 39. f4 a5 40. h5 a4 41. hxg6 Kxg6 42. Bc4 a3 43. Bf7+ Kg7 44. Bc4 Kg6 45. Kg2 Ne4 46. Bf7+ Kg7 47. Be6 Nc3 48. Nxf5+ Kf8 49. g6 Bf6 50. Kf3 a2 51. Bxa2 Nxa2 52. e4 Nc3 53. e5 Bg7 54. Kg4 Nd5 55. Nxg7 Kxg7 56. f5 Ne3+ 57. Kg5 Nd5 58. f6+ Kf8 59. e6 Nc3 60. g7+ Kg8 61. Kg6 1-0


[Site "https://www.chess.com"]

[Event "Titled Tuesday Blitz August 24 2021"]
[White "Iskusnyh, Sergei"]
[Black "Melikhov, Evgeny V."]
[WhiteFideId "4120027"]
[BlackFideId "4122046"]
[WhiteElo "2492"]
[BlackElo "1957"]
[Result "1-0"]
[Round "10"]
[TimeControl "180+1"]
[Date "2021.08.24"]
[WhiteClock "0:00:08"]
[BlackClock "0:00:03"]

1. d4 Nf6 2. c4 e6 3. g3 d5 4. Bg2 dxc4 5. Qa4+ Bd7 6. Qxc4 Bc6 7. Nf3 Qd5 8. Qc2 Qe4 9. Qxe4 Bxe4 10. Nc3 Bc6 11. O-O Bd6 12. Bg5 Nbd7 13. Rfd1 h6 14. Bd2 Ne4 15. Be1 Nxc3 16. bxc3 Nf6 17. c4 Be4 18. c5 Be7 19. Ne5 Bxg2 20. Kxg2 Nd7 21. Nd3 c6 22. a4 b6 23. cxb6 axb6 24. Rdc1 c5 25. dxc5 bxc5 26. a5 Ra6 27. Rab1 O-O 28. Rb7 Rd8 29. Nb2 Bf6 30. Nc4 Ne5 31. Nxe5 Bxe5 32. Rxc5 Rd1 33. Bb4 Bd6 34. Rc8+ Kh7 35. Bxd6 Rdxd6 36. Rxf7 Rxa5 37. Rcc7 Rg5 38. f4 Rg6 39. e4 Rd3 40. e5 h5 41. Kh3 h4 42. Kxh4 Rh6+ 43. Kg4 Rg6+ 44. Kh3 Rh6+ 45. Kg2 Rd2+ 46. Kf3 Rg6 47. Rf6 Rxh2 48. Rxg6 Kxg6 49. Re7 Ra2 50. Rxe6+ Kf5 51. Re7 Ra3+ 52. Kg2 g5 53. fxg5 Kxg5 54. e6 Re3 55. Re8 Kf6 56. Kh3 Rxe6 57. Rxe6+ Kxe6 58. Kg4 Kf7 59. Kh5 Kg7 60. Kg5 Kh7 61. Kf6 Kg8 62. Kg6 Kh8 63. g4 Kg8 64. g5 Kh8 65. Kf7 Kh7 66. g6+ 1-0


[Site "https://www.chess.com"]

[Event "Titled Tuesday Blitz August 24 2021"]
[White "Ivanchuk, Vasyl"]
[Black "Djordjevic, Vuk"]
[WhiteFideId "14100010"]
[BlackFideId "902098"]
[WhiteElo "2710"]
[BlackElo "2463"]
[Result "0-1"]
[Round "10"]
[TimeControl "180+1"]
[Date "2021.08.24"]
[WhiteClock "0:00:18"]
[BlackClock "0:00:04"]

1. d4 Nf6 2. Nf3 e6 3. g3 d5 4. Bg2 Be7 5. c4 O-O 6. Qc2 dxc4 7. Qxc4 a6 8. Bf4 Nd5 9. Nc3 Nxf4 10. gxf4 b5 11. Qd3 Ra7 12. a4 b4 13. Ne4 h6 14. Rc1 Nd7 15. O-O a5 16. Rfd1 Ba6 17. Qe3 Nb6 18. Ne5 Bb7 19. Qb3 Bd5 20. Qc2 b3 21. Qd2 Bb4 22. Qe3 Nxa4 23. Nc6 Bxc6 24. Rxc6 Nxb2 25. Rb1 a4 26. Rxb2 a3 27. Qxb3 axb2 28. Qxb2 Qa8 29. Bf3 Be7 30. Kg2 Qb8 31. Qc2 Rd8 32. e3 Rb7 33. Qc3 Rd7 34. Rc4 Rb3 35. Qa5 Rb5 36. Qa4 Rd8 37. Qc2 Bd6 38. Rc3 Rb2 39. Qc1 Rb3 40. Rc2 Rb1 41. Qd2 Qb4 42. Qxb4 Rxb4 43. Rc6 Rb6 44. Rc2 Rb4 45. Ra2 Rdb8 46. Ra5 R4b5 47. Ra4 Rb2 48. Ra5 R2b6 49. f5 Rb5 50. Rxb5 Rxb5 51. fxe6 fxe6 52. Be2 Rb4 53. h4 Kf7 54. Kf3 Ke7 55. h5 Rb2 56. Bf1 Bb4 57. Bh3 Ra2 58. Bg4 Ra5 59. Kf4 Bd6+ 60. Kf3 e5 61. Ke2 exd4 62. exd4 Ra3 63. Kd2 Bf4+ 64. Ke2 Bd6 65. Kd2 Bb4+ 66. Ke2 Rb3 67. Bf5 Bd6 68. Bg4 Rb5 69. Kd3 Kf7 70. Ke3 Ra5 71. Kd3 g6 72. hxg6+ Kxg6 73. Ke3 h5 74. Bd7 Ra3+ 75. Ke2 h4 76. f3 Ra2+ 77. Ke3 Kg7 78. Bg4 Ra3+ 79. Kf2 Rd3 80. Nxd6 cxd6 81. Kg2 Kf6 82. Kh3 Kg5 83. d5 Rxd5 84. f4+ Kxf4 85. Kxh4 Rd2 86. Kh5 Rh2+ 87. Kg6 Kxg4 0-1


[Site "https://www.chess.com"]

[Event "Titled Tuesday Blitz August 24 2021"]
[White "Ivanisevic, Ivan"]
[Black "Isajevsky, Anton"]
[WhiteFideId "912417"]
[BlackFideId "4142500"]
[WhiteElo "2499"]
[BlackElo "2510"]
[Result "1-0"]
[Round "10"]
[TimeControl "180+1"]
[Date "2021.08.24"]
[WhiteClock "0:00:30"]
[BlackClock "0:00:02"]

1. d4 d5 2. c4 e6 3. Nc3 a6 4. cxd5 exd5 5. Nf3 c6 6. e4 dxe4 7. Ng5 Be7 8. Bc4 Bxg5 9. Qh5 g6 10. Qxg5 Qxg5 11. Bxg5 b5 12. Bb3 Bf5 13. O-O-O Nd7 14. Rhe1 Ngf6 15. f3 O-O 16. fxe4 Be6 17. Bc2 Kg7 18. h3 Nb6 19. Rf1 Ng8 20. d5 cxd5 21. exd5 Bd7 22. Be3 Nc4 23. Bd4+ f6 24. b3 Nd6 25. g4 Rac8 26. Kb2 h5 27. gxh5 g5 28. h4 g4 29. Ne2 1-0


[Site "https://www.chess.com"]

[Event "Titled Tuesday Blitz August 24 2021"]
[White "Jakubowski, Krzysztof"]
[Black "Dobre, Claudiu-Cristian"]
[WhiteFideId "1112848"]
[BlackFideId "1211854"]
[WhiteElo "2414"]
[BlackElo "2259"]
[Result "0-1"]
[Round "10"]
[TimeControl "180+1"]
[Date "2021.08.24"]
[WhiteClock "0:00:34"]
[BlackClock "0:00:45"]

1. c4 Nf6 2. Nc3 c6 3. d4 d5 4. cxd5 cxd5 5. Bf4 Nc6 6. e3 Bf5 7. Bb5 Rc8 8. Nf3 a6 9. Bxc6+ Rxc6 10. Ne5 Rc8 11. Qa4+ Bd7 12. Nxd7 Qxd7 13. Qxd7+ Kxd7 14. f3 e6 15. a3 b5 16. h4 h5 17. Kd2 Bd6 18. Bxd6 Kxd6 19. Ne2 Rc6 20. Rhc1 Rhc8 21. Rxc6+ Rxc6 22. Nf4 a5 23. Nd3 Nd7 24. b3 a4 25. bxa4 bxa4 26. Ra2 f6 27. e4 dxe4 28. fxe4 e5 29. d5 Rc4 30. Ke3 Rc3 31. Kd2 Rb3 32. Rc2 Rxa3 33. Rc6+ Ke7 34. Re6+ Kd8 35. Rd6 Kc7 36. Rc6+ Kb8 37. Rd6 Kc7 38. Rc6+ Kb7 39. Rd6 Nb6 40. Nc5+ Ka7 41. Re6 Rg3 42. Re7+ Ka8 43. Kc1 a3 44. d6 Rc3+ 45. Kb1 Rxc5 46. d7 Rb5+ 47. Ka2 Nxd7 48. Rxd7 Rb7 49. Kxa3 Rxd7 0-1


[Site "https://www.chess.com"]

[Event "Titled Tuesday Blitz August 24 2021"]
[White "Janaszak, Dawid"]
[Black "Sevian, Samuel"]
[WhiteFideId "1119206"]
[BlackFideId "2040506"]
[WhiteElo "2332"]
[BlackElo "2971"]
[Result "0-1"]
[Round "10"]
[TimeControl "180+1"]
[Date "2021.08.24"]
[WhiteClock "0:00:03"]
[BlackClock "0:02:15"]

1. e4 d5 2. exd5 Qxd5 3. Nf3 Bg4 4. Be2 e6 5. h3 Qh5 6. Nc3 Nf6 7. d3 Nc6 8. Bf4 Bd6 9. Qd2 O-O-O 10. O-O-O Bxf4 11. Qxf4 Bxf3 12. Bxf3 Qe5 13. Ne2 Qxf4+ 14. Nxf4 Nd4 15. Be4 g5 16. c3 gxf4 17. cxd4 Rxd4 18. Bf3 Rhd8 19. Kc2 c6 20. Rhe1 Nd7 21. Re4 Rxe4 22. Bxe4 h6 23. d4 Nf6 24. Bf3 Kd7 25. Kd3 Ke7 26. Kc4 e5 27. dxe5 Nd7 28. Re1 Nb6+ 29. Kc3 Na4+ 30. Kb3 Rd4 31. a3 a5 32. Rd1 Nc5+ 33. Kc3 Rxd1 34. Bxd1 Ne4+ 35. Kd4 Nxf2 36. Bb3 b6 37. a4 f3 38. Ke3 Nd3 39. gxf3 Nxe5 40. Ke4 Kd6 41. f4 f5+ 42. Kxf5 Nd3 43. Bc2 Nxb2 44. Kg6 Ke7 45. f5 Kf8 46. f6 b5 47. axb5 cxb5 48. Kxh6 a4 49. Kg6 b4 50. h4 b3 51. Bb1 a3 52. h5 a2 53. Bf5 a1=Q 54. h6 Qg1+ 55. Kh7 Qg8# 0-1


[Site "https://www.chess.com"]

[Event "Titled Tuesday Blitz August 24 2021"]
[White "Jarovinsky, Alexey"]
[Black "Arabidze, Meri"]
[WhiteFideId "14115131"]
[BlackFideId "13604040"]
[WhiteElo "2446"]
[BlackElo "2432"]
[Result "1-0"]
[Round "10"]
[TimeControl "180+1"]
[Date "2021.08.24"]
[WhiteClock "0:00:18"]
[BlackClock "0:01:36"]

1. Nc3 e5 2. Nf3 Nc6 3. d4 exd4 4. Nxd4 Nf6 5. Bg5 Be7 6. Nf5 O-O 7. Nxe7+ Qxe7 8. Nd5 Qe5 9. Bxf6 gxf6 10. e3 Ne7 11. Nxe7+ Qxe7 12. Bd3 d6 13. Qh5 f5 14. Bxf5 Bxf5 15. Qxf5 Kh8 16. O-O-O Rg8 17. g4 Rg5 18. Qf4 Rag8 19. f3 Qe5 20. Qxf7 Qxe3+ 21. Kb1 R5g7 22. Qf6 Qe7 23. Qc3 Rf8 24. Rde1 Qf6 25. Qxf6 Rxf6 26. Re8+ Rg8 27. Rxg8+ Kxg8 28. Rf1 Rf4 29. Kc1 d5 30. Kd2 d4 31. Ke2 c5 32. c3 Kg7 33. cxd4 Rxd4 34. Rd1 Rb4 35. b3 a5 36. Rc1 b6 37. Rc4 Rb5 38. f4 Kf6 39. Ke3 Ke6 40. Ke4 Kf6 41. Kd5 h5 42. h3 a4 43. Rxa4 c4+ 44. Kxc4 Rc5+ 45. Kd3 Rc1 46. Ra6 Rd1+ 47. Kc4 Rc1+ 48. Kb4 Rf1 49. Rxb6+ Kg7 50. f5 h4 51. Rg6+ Kh7 52. Rg5 1-0


[Site "https://www.chess.com"]

[Event "Titled Tuesday Blitz August 24 2021"]
[White "Jeet, Jain"]
[Black "Yoo, Christopher Woojin"]
[WhiteFideId "5073022"]
[BlackFideId "30909694"]
[WhiteElo "2085"]
[BlackElo "2105"]
[Result "0-1"]
[Round "10"]
[TimeControl "180+1"]
[Date "2021.08.24"]
[WhiteClock "0:00:09"]
[BlackClock "0:01:09"]

1. e4 c5 2. Nf3 e6 3. d4 cxd4 4. Nxd4 Nf6 5. Nc3 Nc6 6. Nxc6 bxc6 7. e5 Nd5 8. Ne4 Qc7 9. f4 Rb8 10. c4 Bb4+ 11. Kf2 O-O 12. cxd5 cxd5 13. Ng5 f6 14. exf6 Rxf6 15. Qh5 Rxf4+ 16. Bxf4 Qxf4+ 17. Qf3 Qxg5 18. Rb1 Qd2+ 19. Be2 Bc5+ 20. Kg3 Qg5+ 21. Kh3 d6 22. Rhf1 e5+ 23. g4 Be6 24. b4 Bd4 25. Rbc1 e4 26. Qg3 Be5 27. Qh4 Qe3+ 28. Kg2 Qxe2+ 29. Rf2 Qxg4+ 30. Qxg4 Bxg4 31. a3 e3 32. Rfc2 d4 33. h3 Bf5 34. Rc7 d3 35. Rd7 0-1


[Site "https://www.chess.com"]

[Event "Titled Tuesday Blitz August 24 2021"]
[White "Jin, Ashton"]
[Black "Pasti, Aron"]
[WhiteFideId "30931908"]
[BlackFideId "785857"]
[WhiteElo "2478"]
[BlackElo "2080"]
[Result "1-0"]
[Round "10"]
[TimeControl "180+1"]
[Date "2021.08.24"]
[WhiteClock "0:01:36"]
[BlackClock "0:00:03"]

1. e4 c5 2. Nf3 e6 3. d4 cxd4 4. Nxd4 Nc6 5. Nc3 Qc7 6. f4 a6 7. Be3 Bb4 8. Bd3 Na5 9. O-O Nc4 10. Bxc4 Qxc4 11. Qg4 g6 12. f5 Bc5 13. Rad1 e5 14. Nd5 exd4 15. Bf2 Ba7 16. b3 Qc6 17. Rxd4 b5 18. fxg6 hxg6 19. Rd2 Ne7 20. Qf4 Nxd5 21. exd5 Bb8 22. Qe4+ 1-0


[Site "https://www.chess.com"]

[Event "Titled Tuesday Blitz August 24 2021"]
[White "Kekelidze, Mikheil"]
[Black "Pavlov, Danila"]
[WhiteFideId "13600818"]
[BlackFideId "34126594"]
[WhiteElo "2387"]
[BlackElo "2323"]
[Result "0-1"]
[Round "10"]
[TimeControl "180+1"]
[Date "2021.08.24"]
[WhiteClock "0:00:02"]
[BlackClock "0:00:08"]

1. d4 Nf6 2. c4 g6 3. Nc3 Bg7 4. e4 d6 5. Nge2 O-O 6. Ng3 e5 7. d5 Ne8 8. h4 f5 9. h5 f4 10. Nge2 g5 11. h6 Bf6 12. Ng1 g4 13. Be2 Qd7 14. Rh5 Na6 15. Rf5 Qf7 16. Bxg4 Bxf5 17. Bxf5 Kh8 18. Nh3 c6 19. Qf3 Nac7 20. Ke2 Be7 21. Bd2 b5 22. b3 b4 23. Na4 cxd5 24. cxd5 Nxd5 25. Rc1 Rb8 26. Rc4 Nb6 27. Nxb6 Rxb6 28. Rc8 d5 29. Qd3 Rxh6 30. Qxd5 Qxd5 31. exd5 Nd6 32. Rxf8+ Bxf8 33. Be6 a5 34. f3 Rg6 35. Kf1 Ne8 36. Nf2 Nc7 37. Bf5 Rd6 38. Ne4 Rxd5 39. Ke2 Nb5 40. Be1 Bc5 41. Bg4 Be3 42. g3 Nd4+ 43. Kd3 Nxf3+ 44. Ke2 Nxe1 45. Kxe1 Rd4 46. Bf3 fxg3 47. Ke2 Bf4 48. Bg2 h5 49. Kf3 h4 50. Kg4 Rd3 51. Kxh4 Re3 52. Kh5 Re2 53. Bf3 g2 54. Bxe2 g1=Q 55. Bf3 Qg7 56. Kh4 Qh6+ 57. Kg4 Qg6+ 58. Kh3 Qg1 59. Kh4 Qe1+ 60. Kg4 Qa1 61. Kf5 Qxa2 62. Nc5 Qc2+ 63. Ne4 Qxb3 64. Bh5 Qg8 65. Nf6 Qg5+ 66. Ke6 e4 67. Be8 Qe5+ 68. Kf7 Bg5 69. Ng8 Qg7+ 70. Ke6 Qxg8+ 71. Bf7 Qg7 0-1


[Site "https://www.chess.com"]

[Event "Titled Tuesday Blitz August 24 2021"]
[White "Khusnutdinov, Rustam"]
[Black "Fedoseev, Vladimir"]
[WhiteFideId "13701703"]
[BlackFideId "24130737"]
[WhiteElo "2571"]
[BlackElo "2756"]
[Result "1-0"]
[Round "10"]
[TimeControl "180+1"]
[Date "2021.08.24"]
[WhiteClock "0:00:41"]
[BlackClock "0:00:28"]

1. d4 g6 2. c4 Bg7 3. Nc3 Nf6 4. e4 d6 5. Nge2 O-O 6. Ng3 h5 7. Bg5 Nh7 8. Be3 Nd7 9. Be2 c5 10. d5 h4 11. Nf1 f5 12. exf5 gxf5 13. Qd2 Ne5 14. h3 Ng6 15. Bh6 f4 16. Bxg7 Kxg7 17. Nh2 Ng5 18. Nf3 Nxf3+ 19. gxf3 Ne5 20. Rg1+ Kh6 21. O-O-O Bxh3 22. Ne4 Qd7 23. Ng5 Kh5 24. Bf1 Bxf1 25. Ne6 Bxc4 26. Nxf4+ Kh6 27. Ne6+ 1-0


[Site "https://www.chess.com"]

[Event "Titled Tuesday Blitz August 24 2021"]
[White "Kislov, Oleg"]
[Black "Mikhailovsky, Vladimir"]
[WhiteFideId "13503774"]
[BlackFideId "34105414"]
[WhiteElo "2252"]
[BlackElo "2315"]
[Result "1-0"]
[Round "10"]
[TimeControl "180+1"]
[Date "2021.08.24"]
[WhiteClock "0:00:55"]
[BlackClock "0:01:25"]

1. Nf3 Nf6 2. g3 g6 3. Bg2 Bg7 4. O-O O-O 5. d3 d6 6. e4 e5 7. Re1 Re8 8. Nbd2 Nbd7 9. Nf1 Nf8 10. d4 Qe7 11. dxe5 dxe5 12. c3 c6 13. Qc2 b6 14. b3 Ba6 15. Bb2 Rad8 16. c4 N6d7 17. Rad1 Ne6 18. Ne3 Nd4 19. Nxd4 exd4 20. Bxd4 Bxd4 21. Rxd4 Nc5 22. Red1 Ne6 23. Rxd8 Rxd8 24. Rxd8+ Qxd8 25. Qd1 Nd4 26. Nc2 c5 27. Nxd4 cxd4 28. e5 b5 29. Bd5 bxc4 30. Qxd4 Qa5 31. bxc4 Qe1+ 32. Kg2 Bc8 33. Qxa7 Be6 34. Qd4 Bf5 35. g4 Bc2 36. Qf4 1-0


[Site "https://www.chess.com"]